 Dungeon Crawl Stone Soup version 0.20.1-1-g8b1a95d (webtiles) character file.

3262 Lanoc the Summoner (level 9, -23/45 HPs)
             Began as a Deep Elf Summoner on Nov 29, 2017.
             Was an Elder of Sif Muna.
             Killed from afar by an ice dragon (41 damage)
             ... with a blast of cold
             ... on level 9 of the Dungeon.
             The game lasted 01:09:24 (8208 turns).

Lanoc the Summoner (Deep Elf Summoner)              Turns: 8208, Time: 01:09:25

Health: -23/45     AC:  7    Str:  5    XL:     9   Next: 68%
Magic:  12/25      EV: 14    Int: 28    God:    Sif Muna [****..]
Gold:   597        SH: 11    Dex: 15    Spells: 12/29 levels left

rFire    + . .     SeeInvis .   I - staff of fire
rCold    . . .     Gourm    .   S - +2 shield
rNeg     . . .     Faith    .   l - +1 robe
rPois    .         Spirit   .   O - +2 hat
rElec    .         Reflect  +   (no cloak)
rCorr    .         Harm     .   K - +0 pair of gloves
MR       .....                  y - +0 pair of boots
Stlth    ++........             m - +3 amulet of reflection
Regen    0.2/turn               G - +4 ring of evasion
MPRegen  0.2/turn               f - +4 ring of intelligence

@: no status effects
A: no striking features
a: Divine Energy, Channel Magic, Forget Spell, Renounce Religion


You were on level 9 of the Dungeon.
You worshipped Sif Muna.
Sif Muna was greatly pleased with you.
You were not hungry.

You visited 2 branches of the dungeon, and saw 10 of its levels.
You also visited: Sewer.

You collected 597 gold pieces.

Inventory:

Missiles
 r - 3 tomahawks of returning (quivered)
Armour
 l - a +1 robe (worn)
 y - a +0 pair of boots (worn)
 K - a +0 pair of gloves (worn)
 O - a +2 hat (worn)
 S - a +2 shield (worn)
Magical Staves
 I - an uncursed staff of fire (weapon)
Jewellery
 e - an uncursed ring of flight
 f - a +4 ring of intelligence (right hand)
 m - a +3 amulet of reflection (around neck)
 n - an uncursed amulet of harm
 o - an uncursed amulet of guardian spirit
 z - a +4 ring of evasion
 G - a +4 ring of evasion (left hand)
 H - an uncursed ring of resist corrosion
Wands
 q - a wand of acid (8/15)
 t - a wand of scattershot (5/9)
 u - a wand of paralysis (12/24)
 D - a wand of iceblast (13/15)
 E - a wand of confusion (24/48)
 P - a wand of confusion (17/48)
 Q - a wand of digging (18/24)
Scrolls
 a - 4 scrolls of remove curse
 d - 5 scrolls of fear
 h - 6 scrolls of enchant armour
 i - 8 scrolls of teleportation
 j - 3 scrolls of blinking
 J - 3 scrolls of magic mapping
 L - a scroll of recharging
Potions
 g - a potion of invisibility
 p - a potion of heal wounds
 s - 3 potions of curing
 w - 2 potions of brilliance
 x - 2 potions of agility
 A - a potion of haste {unknown}
 C - a potion of degeneration {unknown}
 M - 4 potions of flight
Books
 b - a book of Callings

   Spells                             Type                      Level
   a - Summon Small Mammal            Summoning                    1
   b - Call Imp                       Summoning                    2
   c - Call Canine Familiar           Summoning                    3
   d - Summon Guardian Golem          Hexes/Summoning              3
   e - Summon Lightning Spire         Summoning/Air                4
   f - Summon Ice Beast               Ice/Summoning                4
 k - a book of Cantrips

   Spells                             Type                      Level
   a - Confusing Touch                Hexes                        1
   b - Animate Skeleton               Necromancy                   1
   c - Summon Small Mammal            Summoning                    1
   d - Apportation                    Translocation                1
 B - a book of Misfortune

   Spells                             Type                      Level
   a - Confusing Touch                Hexes                        1
   b - Confuse                        Hexes                        3
   c - Gell's Gravitas                Translocation                3
   d - Petrify                        Transmutation/Earth          4
   e - Metabolic Englaciation         Hexes/Ice                    5
   f - Yara's Violent Unravelling     Hexes/Transmutation          5
 N - a book of Party Tricks

   Spells                             Type                      Level
   a - Summon Butterflies             Summoning                    1
   b - Apportation                    Translocation                1
   c - Lesser Beckoning               Translocation                3
   d - Tukima's Dance                 Hexes                        3
   e - Alistair's Intoxication        Transmutation/Poison         5
   f - Invisibility                   Hexes                        6
 T - a book of Changes

   Spells                             Type                      Level
   a - Beastly Appendage              Transmutation                1
   b - Sticks to Snakes               Transmutation                2
   c - Spider Form                    Transmutation/Poison         3
   d - Ice Form                       Ice/Transmutation            4
   e - Blade Hands                    Transmutation                5
Comestibles
 c - 6 bread rations
 v - 3 meat rations
 F - 5 fruits
 R - a chunk of flesh


   Skills:
 - Level 2.4 Dodging
 - Level 2.4 Stealth
 + Level 10.7 Spellcasting
 * Level 12.6 Summonings


You had 12 spell levels left.
You knew the following spells:

 Your Spells              Type           Power        Failure   Level  Hunger
a - Summon Ice Beast      Ice/Summ       ######..     19%         4    None
b - Call Imp              Summ           ######..     1%          2    None
c - Call Canine Familiar  Summ           ######..     1%          3    None
d - Summon Guardian Gole  Hex/Summ       ######..     6%          3    None
e - Summon Lightning Spi  Summ/Air       ######..     19%         4    None
f - Summon Butterflies    Summ           ######..     1%          1    None


Dungeon Overview and Level Annotations

Branches:
Dungeon (9/15)             Temple (1/1) D:4
   Lair: D:8-11         Orc: D:9-12

Altars:
Ashenzari
Cheibriados
Dithmenos
Elyvilon
Fedhas
Gozag
Hepliaklqana
Kikubaaqudgha
Makhleb
Nemelex Xobeh
Okawaru
Qazlal
Ru
Sif Muna
Trog
Uskayaw
Vehumet
Xom
Yredelemnul
Zin
The Shining One

Shops:
D:8 *


Message History

What are your orders? t - Shout!
Orders for allies: a - Attack new target. r - Retreat! s - Stop attacking. g - Guard the area. f - Follow me.
Anything else - Cancel.
Gang up on whom?
Press: ? - help, Dir - move target cursor, f - ice dragon
Aim: an ice dragon (catching its breath) Attack!
Your lightning spire shoots out a bolt of lightning at the ice dragon!
The bolt of electricity hits the ice dragon.
The bolt of electricity hits your butterfly.
Your butterfly dies!
The ice dragon breathes frost at you.
The blast of cold hits your guardian golem.
Your guardian golem resists.
The blast of cold hits you!
Ouch! That really hurt!
You die...

#...####
#.# #...#
#.## #...#
#..# #...#
##.# #...#
#.# ....#
#.##
.....#
#..#
##..##
##.@..##
#......#
#......##
##...8...#
#...bD...#
#.b.85bb≈#
#....5≈≈≈#
#≈..≈≈≈≈≈#
#≈≈≈≈≈≈.≈#


You could see an ice dragon, a friendly guardian golem, a friendly lightning
spire, a friendly white imp and a friendly shadow imp.

Vanquished Creatures
  An adder (D:8)
  An orc (D:3)
  A kobold (D:3)
  A frilled lizard (D:3)
4 creatures vanquished.

Vanquished Creatures (collateral kills)
  2 two-headed ogres (D:8)
  Grinder (D:3)
  2 hippogriffs (D:7)
  Grum (D:8)
  A hungry ghost (D:7)
  An orc warrior (D:6)
  An ice beast (D:9)
  A black bear (D:7)
  3 phantoms
  A necrophage (D:7)
  A sky beast (D:7)
  5 ogres
  4 wolves (D:8)
  5 centaurs
  2 gnoll sergeants (D:7)
  5 bullfrogs
  4 scorpions
  10 wights
  2 howler monkeys
  2 crimson imps
  A quasit (D:7)
  2 hounds
  4 orc priests (D:8)
  A gnoll shaman (D:4)
  2 jellies
  5 orc wizards
  Jessica (D:2)
  2 bullfrog skeletons
  Terence (D:3)
  A merfolk avatar (Sewer)
  4 worker ants
  A merfolk siren (Sewer)
  A hound zombie (D:8)
  12 gnolls
  2 howler monkey skeletons
  2 river rats (Sewer)
  12 adders
  A shadow imp (D:8)
  An ooze (D:2)
  An adder skeleton (D:6)
  2 worms (D:2)
  16 dart slugs
  6 leopard geckos
  31 orcs
  12 giant cockroaches
  3 hobgoblins
  7 jackals
  5 kobolds
  4 quokkas
  6 ball pythons
  7 bats
  8 frilled lizards
  8 goblins
  A leopard gecko skeleton (D:5)
  A leopard gecko zombie (D:5)
  32 rats
260 creatures vanquished.

Vanquished Creatures (others)
  A jackal (D:1)
1 creature vanquished.

Grand Total: 265 creatures vanquished

Notes
Turn   | Place    | Note
-------+----------+-------------------------------------------
     0 | D:1      | Lanoc the Deep Elf Summoner began the quest for the Orb.
     0 | D:1      | Reached XP level 1. HP: 10/10 MP: 6/6
   346 | D:1      | Reached XP level 2. HP: 11/15 MP: 2/8
   352 | D:1      | Learned a level 2 spell: Call Imp
   814 | D:1      | Reached skill level 5 in Summonings
  1062 | D:2      | Reached XP level 3. HP: 19/19 MP: 8/10
  1100 | D:2      | Learned a level 3 spell: Call Canine Familiar
  1104 | D:2      | Learned a level 3 spell: Summon Guardian Golem
  1251 | D:2      | Found a blossoming altar of Fedhas.
  1307 | D:2      | Noticed Jessica
  1314 | D:2      | Killed Jessica
  1492 | D:2      | Found a shimmering altar of Xom.
  1617 | D:3      | Noticed a centaur
  1628 | D:3      | Killed a centaur
  1628 | D:3      | Reached XP level 4. HP: 24/24 MP: 0/12
  2056 | D:3      | Noticed Grinder
  2075 | D:3      | Found an opulent altar of Gozag.
  2105 | D:3      | Killed Grinder
  2105 | D:3      | Reached skill level 5 in Spellcasting
  2105 | D:3      | Reached skill level 6 in Summonings
  2105 | D:3      | Reached XP level 5. HP: 13/28 MP: 9/14
  2112 | D:3      | Learned a level 4 spell: Summon Lightning Spire
  2173 | D:3      | Noticed Terence
  2183 | D:3      | Killed Terence
  2371 | D:4      | Noticed a phantom
  2437 | D:4      | Killed a phantom
  2437 | D:4      | Reached skill level 7 in Summonings
  2438 | D:4      | Reached XP level 6. HP: 32/32 MP: 2/16
  3070 | D:4      | Reached skill level 8 in Summonings
  3070 | D:4      | Reached XP level 7. HP: 18/36 MP: 7/18
  3371 | D:4      | Found a staircase to the Ecumenical Temple.
  3377 | Temple   | Entered the Ecumenical Temple
  3561 | Temple   | Became a worshipper of Sif Muna the Loreminder
  3772 | D:5      | Entered Level 5 of the Dungeon
  4155 | D:5      | Learned a level 4 spell: Summon Ice Beast
  4700 | D:5      | Reached * piety under Sif Muna
  4969 | D:6      | Reached skill level 9 in Summonings
  5295 | D:6      | Found a glowing drain.
  5311 | Sewer    | Entered a sewer
  5557 | Sewer    | Reached ** piety under Sif Muna
  5651 | Sewer    | Learned a level 1 spell: Summon Butterflies
  5735 | D:6      | Reached XP level 8. HP: 41/41 MP: 2/21
  6352 | D:7      | Reached skill level 10 in Summonings
  6532 | D:7      | Noticed a hippogriff
  6563 | D:7      | Killed a hippogriff
  6563 | D:7      | Reached *** piety under Sif Muna
  6707 | D:7      | Reached skill level 11 in Summonings
  6857 | D:7      | Noticed a hippogriff
  6865 | D:7      | Killed a hippogriff
  7021 | D:8      | Reached XP level 9. HP: 45/45 MP: 13/24
  7030 | D:8      | Noticed a two-headed ogre
  7053 | D:8      | Killed a two-headed ogre
  7080 | D:8      | Noticed Grum
  7119 | D:8      | Reached skill level 10 in Spellcasting
  7125 | D:8      | Killed Grum
  7369 | D:8      | Reached skill level 12 in Summonings
  7477 | D:8      | Noticed a two-headed ogre
  7486 | D:8      | Killed a two-headed ogre
  7514 | D:8      | Reached **** piety under Sif Muna
  7637 | D:8      | Found Ruplow's General Store.
  7730 | D:8      | Found a glowing golden altar of the Shining One.
  7927 | D:9      | Found a sacrificial altar of Ru.
  8194 | D:9      | Noticed an ice dragon
  8208 | D:9      | Killed from afar by an ice dragon

Skill      XL: |  1  2  3  4  5  6  7  8  9 |
---------------+----------------------------+-----
Summonings     | 5 6 7 8 9 11 12 | 12.6
Spellcasting   | 4 5 6 7 9 10 | 10.7
Dodging        | |  2.4
Stealth        | |  2.4

Action                   |  1- 3 |  4- 6 |  7- 9 || total
-------------------------+-------+-------+-------++-------
Melee: Unarmed           |     8 |       |       ||     8
       Staff             |       |       |    21 ||    21
 Fire: Shortbow          |       |     8 |     2 ||    10
 Cast: Summon Small Mamm |    23 |       |     2 ||    25
       Call Imp          |    35 |    20 |    29 ||    84
       Call Canine Famil |     5 |    10 |    43 ||    58
       Summon Guardian G |     3 |     8 |    10 ||    21
       Summon Lightning  |       |     2 |     3 ||     5
       Summon Ice Beast  |       |       |    54 ||    54
       Summon Butterflie |       |       |     2 ||     2
  Use: Scroll            |       |       |    16 ||    16
       Potion            |       |       |     1 ||     1
 Stab: Sleeping          |     1 |       |     1 ||     2
  Eat: Chunk             |     3 |     5 |    16 ||    24
       Royal jelly       |       |       |     1 ||     1
       Fruit             |       |       |     1 ||     1
Armor: Robe              |     6 |     8 |    13 ||    27
Dodge: Dodged            |    16 |    19 |    86 ||   121
Block: Other             |     2 |     4 |    17 ||    23
       Reflection        |     1 |       |    10 ||    11
       Shield            |       |       |    14 ||    14
